 Dungeon Crawl Stone Soup version 0.31.0-32-g396128a36d (webtiles) character file.

Game seed: 12771229577299223291

84 diecastcamel the Shooter (level 4, 0/35 HPs)
             Began as a Barachi Hunter on Apr 24, 2024.
             Slain by Menkaure (5 damage)
             ... on level 4 of the Dungeon.
             The game lasted 00:05:39 (2121 turns).

diecastcamel the Shooter (Barachi Hunter)           Turns: 2121, Time: 00:05:40

Health: 0/35       AC:  6    Str: 18    XL:     4   Next: 46%
Magic:  4/4        EV: 16    Int: 10    God:
Gold:   148        SH:  0    Dex: 17    Spells: 3/3 levels left

rFire   . . .        a - +0 shortbow
rCold   . . .        (shield currently unavailable)
rNeg    . . .        n - +0 ring mail
rPois   .            e - +1 hat
rElec   .            (no cloak)
rCorr   .            (no gloves)
SInv    .            (no boots)
Will    .....        (no amulet)
Stlth   ++           g - +6 ring of strength
HPRegen 0.25/turn    p - +5 ring of evasion
MPRegen 0.09/turn

%: no passive effects
@: slow
A: amphibious, slowness 1, strong legs 1, +LOS
a: Hop


You were on level 4 of the Dungeon.
You visited 1 branch of the dungeon, and saw 4 of its levels.

You collected 148 gold pieces.

Inventory:

Hand Weapons
 a - a +0 shortbow (weapon)
Missiles
 i - 3 poisoned darts
Armour
 e - a +1 hat (worn)
 n - a +0 ring mail (worn)
Jewellery
 g - a +6 ring of strength (left hand)
 p - a +5 ring of evasion (right hand)
 t - an amulet of magic regeneration
Wands
 r - a wand of mindburst (12) (quivered)
Scrolls
 b - a scroll of butterflies
 c - a scroll of identify {unknown}
 k - a scroll of amnesia
 q - a scroll of noise
 v - a scroll of poison {unknown}
Potions
 d - a potion of curing {unknown}
 f - a potion of mutation {unknown}
 h - a potion of invisibility {unknown}
 j - a potion of lignification {unknown}
 l - 3 potions of heal wounds {unknown}
 m - a potion of brilliance {unknown}
 o - a potion of attraction {unknown}
 s - 2 potions of degeneration {unknown}
 u - a potion of might {unknown}
 w - a potion of haste {unknown}


   Skills:
 + Level 3.4 Fighting
 * Level 5.0 Ranged Weapons
 - Level 2.1 Dodging
 + Level 2.1 Stealth


You had 3 spell levels left.
You didn't know any spells.
Your spell library contained the following spells:

 Spells                   Type           Power      Damage    Failure   Level
 Dazzling Flash           Conj/Hex       0%         N/A       90%         3
 Hailstorm                Conj/Ice       0%         3d5       90%         3
 Summon Ice Beast         Ice/Summ       0%         N/A       90%         3
 Volatile Blastmotes      Fire/Tloc      0%         2d10      90%         3
 Sculpt Simulacrum        Ice/Alch       0%         N/A       100%        6
 Starburst                Conj/Fire      0%         6d3       100%        6
 Maxwell's Capacitive Co  Air            0%         ∞         100%        8


Dungeon Overview and Level Annotations

Branches:
Dungeon (4/15)
 Temple: D:4-7

Altars:
Ashenzari
Okawaru

Shops:
D:1 =

Annotations:
D:3 1 runed translucent door, belegose's ghost, amateur GnFE
D:4 Menkaure


Innate Abilities, Weirdness & Mutations

You are amphibious.
You cover ground slowly.
You can hop short distances.
You have an extended range of vision and can be seen from far away.


Message History

Menkaure's mind is blasted!
Menkaure breathes soot at you.
Unknown command.
You shoot an arrow. The arrow hits Menkaure.
Menkaure is almost destroyed.
You shoot an arrow.
The arrow hits Menkaure but does no damage.
Menkaure is almost destroyed.
You shoot an arrow.
The arrow hits Menkaure but does no damage.
Menkaure is almost destroyed.
Menkaure calls on the powers of darkness!
Your body is wracked with pain!
You shoot an arrow. The arrow barely misses Menkaure.
Menkaure mumbles some strange words.
Menkaure seems to speed up.
You shoot an arrow.
The arrow hits Menkaure but does no damage.
Menkaure is almost destroyed.
You shoot an arrow.
The arrow hits Menkaure but does no damage.
Menkaure is almost destroyed.
Menkaure hits you!
* * * LOW HITPOINT WARNING * * *
Menkaure calls on the powers of darkness!
Your body is wracked with pain!
* * * LOW HITPOINT WARNING * * *
Aiming: Mindburst
Press: ? - help, Q - select action, (/) - cycle Shift-Dir - straight line, f/p - Menkaure
Aim: Menkaure (almost destroyed, fast, chance to affect: 64%) Menkaure struggles to resist.
Menkaure calls on the powers of darkness!
Your body is wracked with pain!
* * * LOW HITPOINT WARNING * * *
Aiming: Mindburst
Press: ? - help, Q - select action, (/) - cycle Shift-Dir - straight line, f/p - Menkaure
Aim: Menkaure (almost destroyed, fast, chance to affect: 64%) Menkaure struggles to resist.
Menkaure hits you.
You die...

### #### #.. ..+ #.#
..# #.# ###.## #.#
#....# ###M#+#.#.##
#..@....#..##
#...........##
#......####<.#####..
#....<.+............
#......######....#..
#......# #....#
#......# #....#
#......# ######
#.......


You could see Menkaure (fast).

Vanquished Creatures
  A bombardier beetle (D:3)
  An adder (D:2)
  2 ribbon worms (D:2)
  A dart slug (D:2)
  An orc (D:3)
  2 endoplasms
  2 giant cockroaches (D:1)
  2 goblins
  3 hobgoblins (D:2)
  3 quokkas
  2 ball pythons
  5 bats
  2 frilled lizards (D:3)
  4 kobolds
  5 rats
36 creatures vanquished.

Notes
Turn   | Place    | Note
-------+----------+-------------------------------------------
     0 | D:1      | diecastcamel the Barachi Hunter began the quest for the
                  | Orb.
     0 | D:1      | Reached XP level 1. HP: 17/17 MP: 1/1
    72 | D:1      | Reached skill level 1 in Stealth
   308 | D:1      | Reached XP level 2. HP: 13/23 MP: 2/2
   517 | D:1      | Found Fifam's Jewellery Emporium.
   937 | D:2      | Reached XP level 3. HP: 28/28 MP: 3/3
  1326 | D:3      | Reached XP level 4. HP: 35/35 MP: 4/4
  1365 | D:3      | Found a faded altar of an unknown god.
  1671 | D:3      | Found an iron altar of Okawaru.
  1741 | D:3      | Found a broken altar of Ashenzari.
  1874 | D:3      | Reached skill level 5 in Ranged Weapons
  1973 | D:3      | Found a runed translucent door.
  1974 | D:3      | Noticed belegose's ghost (amateur GnFE)
  2111 | D:4      | Noticed Menkaure
  2121 | D:4      | Slain by Menkaure

Illustrated notes

Levels and vault maps discovered:
D:1:      minmay_arrival_open_corners, layout_loops_ring, serial_shops, shop,
          corexii_corridor_pit, chequers_decorated_corner
D:2:      layout_rooms, nrook_campfire, minmay_pentomino_r2
D:3:      layout_basic, lemuel_round_altar, mainiacjoe_overflow_boulevard,
          shapermc_ecumenical_altar_starsandcircs, ebering_ghost_reflecting_pool
D:4:      layout_basic, lemuel_round_altar,
          nicolae_overflow_hallway_of_the_gods, temple_fountains,
          roderic_lattice_a, uniq_menkaure

Skill      XL: |  1  2  3  4 |
---------------+-------------+-----
Stealth        | 1 2 |  2.1
Fighting       | 3 |  3.4
Ranged Weapons | 5 |  5.0
Dodging        | |  2.1

Action                     |  1- 3 |  4- 6 || total
---------------------------+-------+-------++-------
   Fire: Shortbow          |    76 |    28 ||   104
  Throw: Dart              |     3 |       ||     3
  Evoke: Wand              |       |     3 ||     3
    Use: Scroll            |       |     2 ||     2
 Armour: Leather armour    |    13 |       ||    13
         Ring mail         |     1 |     5 ||     6
  Dodge: Dodged            |    27 |     3 ||    30
